 Dungeon Crawl Stone Soup version 0.17-a0-1596-g1e86911 (webtiles) character file.

931 karlkraus the Shield-Bearer (level 7, 0/63 HPs)
             Began as a Minotaur Fighter on July 31, 2015.
             Slain by Pikel
             ... wielding a +1 whip of flaming
              (7 damage)
             ... on level 5 of the Dungeon.
             The game lasted 00:07:37 (3348 turns).

karlkraus the Shield-Bearer (Minotaur Fighter)      Turns: 3348, Time: 00:07:37

Health: 0/63       AC: 14    Str: 22    XL:     7   Next: 86%
Magic:  6/6        EV: 12    Int:  5    God:
Gold:   289        SH: 12    Dex: 10    Spells: 0 memorised, 6 levels left

rFire  . . .     SeeInvis .     a - +0 flail
rCold  . . .     Clarity  .     x - +1 plate armour {rN+}
rNeg   + . .     SustAt   .     p - +2 shield
rPois  .         Gourm    .     (helmet restricted)
rElec  .         Spirit   .     (no cloak)
rCorr  .         Warding  .     h - +0 pair of gloves
rMut   .         Stasis   .     (no boots)
MR     .....                    (no amulet)
Stlth  ..........               c - +4 ring of evasion
                                b - +3 ring of evasion

@: not resistant to hostile enchantments, extremely unstealthy
A: retaliatory headbutt, horns 2
a: no special abilities


You were on level 5 of the Dungeon.
You were hungry.

You visited 1 branch of the dungeon, and saw 5 of its levels.

You collected 289 gold pieces.

Inventory:

Hand weapons
 a - a +0 flail (weapon)
Armour
 h - a +0 pair of gloves (worn)
 p - a +2 shield (worn)
 x - a +1 plate armour of positive energy (worn)
Jewellery
 b - a +3 ring of evasion (left hand)
 c - a +4 ring of evasion (right hand)
 y - an uncursed ring of wizardry {unknown}
Magical devices
 t - a wand of disintegration (15)
Scrolls
 j - 4 scrolls of identify {unknown}
 k - 2 scrolls of remove curse {unknown}
 l - 2 scrolls of recharging {unknown}
 q - 2 scrolls of amnesia {unknown}
 r - a scroll of noise {unknown}
 u - a scroll of fear {unknown}
Potions
 d - a potion of flight {unknown}
 g - a potion of brilliance {unknown}
 m - 2 potions of invisibility {unknown}
 n - a potion of agility {unknown}
 o - a potion of berserk rage {unknown}
 s - 2 potions of mutation {unknown}
 w - 3 potions of curing {unknown}
Comestibles
 e - 4 bread rations
 f - 2 chunks of flesh
 i - 2 meat rations
 v - 5 fruits


   Skills:
 + Level 6.2 Fighting
 + Level 5.6 Maces & Flails
 + Level 5.1 Armour
 + Level 2.9 Dodging
 + Level 0.8 Stealth
 + Level 6.9 Shields


You had 6 spell levels left.
You didn't know any spells.

Dungeon Overview and Level Annotations

Branches:
Dungeon (5/15)
 Temple: D:4-7

Altars:
Cheibriados
Dithmenos
Fedhas
Okawaru
Vehumet
Xom
Yredelemnul

Shops:
D:4 :

Annotations:
D:5 Pikel, Prince Ribbit


Innate Abilities, Weirdness & Mutations

You reflexively headbutt those who attack you in melee.
You have a pair of horns on your head.


Message History

You hit Pikel but do no damage. Pikel hits you but does no damage.
You sock Pikel! You headbutt Pikel.
Pikel is moderately wounded.
Pikel hits you with a whip of flaming.
* * * LOW HITPOINT WARNING * * *
Pikel burns you.
* * * LOW HITPOINT WARNING * * *
You hit Pikel but do no damage.
Pikel is moderately wounded.
Pikel hits you but does no damage.
Your shield and plate armour prevent you from hitting Pikel.
Pikel is moderately wounded.
Pikel hits you with a whip of flaming.
* * * LOW HITPOINT WARNING * * *
Pikel burns you.
* * * LOW HITPOINT WARNING * * *
You closely miss Pikel. You headbutt Pikel, but do no damage.
Pikel is moderately wounded.
Pikel hits you with a whip of flaming!
You die...

.. .... ... ....#.....
...#####........
...............####+###.
+#...#...#..#...........
...#.....#.............#
.....#.#.##.#..........#
.......@.#...#..#......+
.......K[#.............#
##+#.........#.........#
..........#####....#+##
......<.............#...
.............#...#..#...
.................#..#...
.........+...#.#.#..#...
........#.......#..+...


You could see Pikel.

Vanquished Creatures
  Sigmund (D:5)
  A sky beast (D:5)
  3 slaves (D:5)
  A phantom (D:4)
  A scorpion (D:3)
  3 hounds
  An iguana (D:5)
  2 orc wizards
  3 worker ants
  A hound zombie (D:3)
  3 hound skeletons (D:3)
  4 worker ant zombies
  7 adders
  3 gnolls (D:3)
  4 adder zombies
  2 oozes
  3 adder skeletons (D:3)
  A worm (D:2)
  2 giant geckos
  9 orcs
  2 giant cockroaches (D:3)
  7 hobgoblins
  3 ball pythons
  3 bats
  A giant cockroach zombie (D:3)
  3 giant newts
  8 goblins
  3 jackals (D:2)
  A jackal skeleton (D:3)
  2 jackal zombies (D:3)
  8 kobolds
  10 rats
  A plant (D:3)
107 creatures vanquished.

Notes
Turn   | Place    | Note
--------------------------------------------------------------
     0 | D:1      | karlkraus the Minotaur Fighter began the quest for the Orb.
     0 | D:1      | Reached XP level 1. HP: 19/19 MP: 0/0
    71 | D:1      | Found a snail-covered altar of Cheibriados.
   239 | D:1      | Reached skill level 4 in Fighting
   259 | D:1      | Reached XP level 2. HP: 27/27 MP: 1/1
   869 | D:2      | Reached XP level 3. HP: 32/34 MP: 2/2
  1579 | D:3      | Reached XP level 4. HP: 34/41 MP: 3/3
  1677 | D:3      | Reached skill level 1 in Dodging
  1712 | D:3      | Reached XP level 5. HP: 29/47 MP: 4/4
  1744 | D:3      | Found a shadowy altar of Dithmenos.
  1874 | D:3      | Noticed a scorpion
  1879 | D:3      | Reached skill level 5 in Fighting
  1885 | D:3      | Killed a scorpion
  1885 | D:3      | Reached skill level 5 in Shields
  1911 | D:3      | Reached XP level 6. HP: 42/56 MP: 5/5
  2080 | D:3      | Found a shimmering altar of Xom.
  2263 | D:4      | Found a blossoming altar of Fedhas.
  2461 | D:4      | Found Xiocug Xyano's Book Shoppe.
  2601 | D:4      | Reached XP level 7. HP: 61/61 MP: 6/6
  2946 | D:5      | Entered Level 5 of the Dungeon
  2946 | D:5      | Found a radiant altar of Vehumet.
  2948 | D:5      | Found an iron altar of Okawaru.
  2982 | D:5      | Reached skill level 5 in Maces & Flails
  2991 | D:5      | Found a basalt altar of Yredelemnul.
  2997 | D:5      | Noticed Sigmund
  3009 | D:5      | Killed Sigmund
  3009 | D:5      | Reached skill level 6 in Shields
  3098 | D:5      | Reached skill level 5 in Armour
  3204 | D:5      | Noticed Prince Ribbit
  3308 | D:5      | Noticed Pikel
  3348 | D:5      | Slain by Pikel

Vault maps used:
D:1:      dpeg_arrival_arbitrary_c, cheibriados_altar_1
D:2:      first_bread
D:3:      tgw_xom, nicolae_dithmenos_shadow_blocks, serial_undead,
          serial_undead_d, serial_undead_a, serial_undead_f, serial_undead_c,
          serial_undead_b, serial_undead_b, serial_undead_c, serial_undead_c,
          serial_undead_a, serial_undead_c
D:4:      fedhas_altar_3, serial_shops, nicolae_shop_trees, corexii_shack,
          minmay_misc_feat_columns
D:5:      yredelemnul_altar_generic, grunt_temple_overflow_open,
          minmay_temple_entry_enclosed_plants, corner_web_ring, st_stairs_3,
          nrook_pool_corridor, hangedman_decor_lopped, uniq_pikel,
          uniq_prince_ribbit1, uniq_sigmund

Action                   |  1- 3 |  4- 6 |  7- 9 || total
-------------------------+-------+-------+-------++-------
Melee: Flail             |    81 |   189 |   102 ||   372
  Use: Potion            |       |       |     1 ||     1
  Eat: Chunk             |     1 |     4 |     2 ||     7
       Fruit             |       |       |     1 ||     1
